 Dungeon Crawl Stone Soup version 0.27.1-2-g3b301248ec (webtiles) character file.

Game seed: 16954594603365765034

1544 DearestLeader the Destroyer (level 8, 0/46 HPs)
             Began as an Octopode Conjurer on Oct 4, 2021.
             Killed from afar by a white imp (5 damage)
             ... with a puff of frost
             ... on level 6 of the Dungeon.
             The game lasted 00:10:39 (6588 turns).

DearestLeader the Destroyer (Octopode Conjurer)     Turns: 6588, Time: 00:10:40

Health: 0/46       AC:  1    Str:  6    XL:     8   Next: 87%
Magic:  12/12      EV: 14    Int: 26    God:
Gold:   275        SH:  0    Dex: 13    Spells: 6/13 levels left

rFire    . . .     SeeInvis .   e - +0 dagger (drain)
rCold    . . .     Faith    .   (no shield)
rNeg     . . .     Spirit   .   (helmet restricted)
rPois    .         Reflect  .   (no amulet)
rElec    .         Harm     .   c - +6 ring of intelligence
rCorr    .         Rampage  .   (no ring)
Will     .....                  (no ring)
Stlth    ++++......             (no ring)
HPRegen  0.15/turn              (no ring)
MPRegen  0.13/turn              (no ring)
                                (no ring)
                                (no ring)

@: no status effects
A: almost no armour, amphibious, 8 rings, camouflage 1, gelatinous body 1,
(nimble swimmer 1), tentacles
a: no special abilities


You were on level 6 of the Dungeon.
You visited 2 branches of the dungeon, and saw 7 of its levels.

You collected 275 gold pieces.

Inventory:

Hand Weapons
 d - a +0 dagger
 e - a +0 dagger of draining (weapon)
 D - a +1 spectral quarterstaff
Missiles
 l - 14 boomerangs (quivered)
 o - 27 sling bullets
 y - a throwing net
Armour
 f - a +0 kite shield
Magical Staves
 k - a staff of poison
 B - a staff of cold
Jewellery
 c - a +6 ring of intelligence (left tentacle)
Wands
 w - a wand of iceblast (10)
 A - a wand of acid (9)
Scrolls
 g - 7 scrolls of identify {unknown}
 p - a scroll of enchant weapon {unknown}
 q - a scroll of fog {unknown}
 r - a scroll of immolation {unknown}
 t - 2 scrolls of holy word {unknown}
 u - 2 scrolls of teleportation {unknown}
 x - 2 scrolls of blinking {unknown}
 z - 3 scrolls of brand weapon {unknown}
 C - a scroll of fear {unknown}
Potions
 a - 2 potions of heal wounds {unknown}
 b - 2 potions of flight {unknown}
 h - a potion of degeneration {unknown}
 i - 4 potions of curing
 j - 2 potions of lignification {unknown}
 m - a potion of haste {unknown}
 n - a potion of might {unknown}
 s - a potion of brilliance {unknown}
 v - a potion of invisibility {unknown}


   Skills:
 + Level 3.4 Dodging
 - Level 6.0 Stealth
 - Level 3.0 Spellcasting
 * Level 9.1 Conjurations
 + Level 4.3 Hexes


You had 6 spell levels left.
You knew the following spells:

 Your Spells              Type           Power      Damage    Failure   Level
a - Magic Dart            Conj           100%       1d8       1%          1
b - Searing Ray           Conj           100%       3d7       1%          2
c - Fulminant Prism       Conj/Hex       19%        3d11      6%          4

Your spell library contained the following spells:

 Spells                   Type           Power      Damage    Failure   Level
 Shock                    Conj/Air       100%       1d9       1%          1
 Dazzling Flash           Conj/Hex       76%        N/A       1%          3
 Animate Skeleton         Necr           6%         N/A       10%         1
 Pain                     Necr           12%        1d4       10%         1
 Sting                    Tmut/Pois      12%        1d3       10%         1
 Poisonous Vapours        Pois/Air       6%         N/A       14%         2
 Sublimation of Blood     Necr           1%         N/A       14%         2
 Iskenderun's Mystic Bla  Conj/Tloc      27%        2d7       14%         4
 Swiftness                Air            3%         N/A       28%         3
 Vampiric Draining        Necr           1%         2d6       28%         3
 Irradiate                Conj/Tmut      13%        3d18      38%         5
 Airstrike                Air            1%         N/A       67%         4
 Olgreb's Toxic Radiance  Pois           3%         N/A       67%         4
 Petrify                  Tmut/Erth      3%         N/A       67%         4


Dungeon Overview and Level Annotations

Branches:
Dungeon (6/15)             Temple (1/1) D:4

Altars:
Ashenzari
Cheibriados
Dithmenos
Elyvilon
Gozag
Hepliaklqana
Kikubaaqudgha
Makhleb
Nemelex Xobeh
Okawaru
Qazlal
Sif Muna
Uskayaw
The Shining One


Innate Abilities, Weirdness & Mutations

You cannot wear most types of armour.
You are amphibious.
You can wear up to eight rings at the same time.
Your skin changes colour to match your surroundings (Stealth+).
Your rubbery body absorbs attacks. (AC +1, EV +1)
((You are camouflaged near water. (Stealth+)))
You have tentacles for arms and can constrict up to eight enemies at once.


Message History

Casting: Fulminant Prism (dangerous; 6% risk of failure)
Confirm with . or Enter, or press ? or * to list all spells.
Aiming: Searing Ray (safe; 1% risk of failure)
Press: ? - help, Shift-Dir - straight line, f - scorpion
Aim: a scorpion (moderately wounded, constricted by you, lightly drained, 100% to hit)
The searing ray hits the scorpion.
The scorpion is severely wounded. (Press . to maintain the ray.)
You constrict the scorpion. The scorpion stings you.
The searing ray hits the scorpion!
You kill the scorpion!
A sky beast comes into view.
A sky beast is nearby!
A white imp comes into view.
The white imp shouts, "Escape, thou infectious elf-skinned nert!"
The sky beast barely misses you.
You hit the sky beast. Your squeeze misses the sky beast.
The sky beast is lightly wounded.
The white imp gestures at you. The puff of frost hits you!
The sky beast hits you. The sky beast shocks you.
Casting: Searing Ray (safe; 1% risk of failure)
Confirm with . or Enter, or press ? or * to list all spells.
Okay, then.
The sky beast flickers out of sight!
Deactivating autopickup; reactivate with Ctrl-A.
You closely miss the white imp. You grab the white imp.
You constrict the white imp, but do no damage.
Something hits you. Something shocks you.
The white imp hits you but does no damage.
You release your grip on the white imp.
The white imp gestures at you. The puff of frost hits you!
* * * LOW HITPOINT WARNING * * *
It was a potion of curing.
You feel better. Something hits you.
* * * LOW HITPOINT WARNING * * *
Something shocks you.
* * * LOW HITPOINT WARNING * * *
The white imp gestures at you. The puff of frost hits you.
You die...

#......#.....
#...#..#.....
#####..##.......
#...#..##..#....
###..........#....
#.....†##....#.#.#
######.....#.....#.[..
#..............#.#....
#....@...........#.#.#
##.............(.#. ..
###..5..........#
##............
................
#...............
##.....###......
#...... ...... ##.....
#.....


You could see a white imp.

Vanquished Creatures
  A yak (D:5)
  An orc warrior (D:5)
  An ice beast (D:5)
  A necrophage (D:5)
  3 sky beasts
  An ogre (D:5)
  A centaur (D:5)
  3 scorpions
  A bullfrog zombie (D:5)
  4 bullfrog skeletons
  4 iguanas
  A scorpion zombie (D:5)
  An orc wizard (D:5)
  A howler monkey zombie (D:6)
  A howler monkey skeleton (D:4)
  5 gnolls
  8 adders
  A white imp (D:5)
  A worm (D:2)
  2 dart slugs (D:4)
  5 orcs
  7 endoplasms
  2 giant cockroaches
  9 goblins
  5 hobgoblins
  4 jackals (D:1)
  8 ball pythons
  6 bats
  A frilled lizard (D:1)
  5 kobolds
  6 rats
100 creatures vanquished.

Vanquished Creatures (others)
  3 fulminant prisms
3 creatures vanquished.

Grand Total: 103 creatures vanquished

Notes
Turn   | Place    | Note
-------+----------+-------------------------------------------
     0 | D:1      | DearestLeader the Octopode Conjurer began the quest for the
                  | Orb.
     0 | D:1      | Reached XP level 1. HP: 11/11 MP: 3/3
    39 | D:1      | Reached XP level 2. HP: 17/17 MP: 0/5
   329 | D:1      | Learned a level 2 spell: Searing Ray
   749 | D:1      | Reached XP level 3. HP: 21/21 MP: 6/6
  1948 | D:2      | Reached skill level 5 in Conjurations
  1948 | D:2      | Reached XP level 4. HP: 27/27 MP: 3/7
  2528 | D:3      | Found an opulent altar of Gozag.
  2662 | D:3      | Found a shimmering blue altar of Sif Muna.
  2892 | D:3      | Noticed a sky beast
  2897 | D:3      | Killed a sky beast
  2898 | D:3      | Reached skill level 5 in Stealth
  2898 | D:3      | Reached XP level 5. HP: 21/31 MP: 4/8
  3107 | D:3      | Found a hide-covered altar of Uskayaw.
  3118 | D:3      | Reached skill level 6 in Conjurations
  3451 | D:4      | Reached XP level 6. HP: 36/36 MP: 9/9
  3456 | D:4      | Learned a level 4 spell: Fulminant Prism
  3870 | D:4      | Found a staircase to the Ecumenical Temple.
  3877 | Temple   | Entered the Ecumenical Temple
  4630 | D:5      | Entered Level 5 of the Dungeon
  4734 | D:5      | Noticed a necrophage
  4739 | D:5      | Killed a necrophage
  4740 | D:5      | Reached skill level 1 in Hexes
  4802 | D:5      | Reached XP level 7. HP: 38/41 MP: 6/10
  4841 | D:5      | Reached skill level 7 in Conjurations
  5026 | D:5      | Noticed a yak
  5507 | D:5      | Reached skill level 8 in Conjurations
  5507 | D:5      | Reached XP level 8. HP: 31/46 MP: 5/11
  5937 | D:5      | Killed a yak
  6353 | D:6      | Reached skill level 9 in Conjurations
  6459 | D:6      | Found a sparkling altar of Nemelex Xobeh.
  6459 | D:6      | Found a shadowy altar of Dithmenos.
  6588 | D:6      | Killed from afar by a white imp

Illustrated notes

Levels and vault maps discovered:
D:1:      minmay_arrival_checkered_box, layout_basic
D:2:      layout_loops_corners
D:3:      layout_loops_ring, nicolae_uskayaw_dance_hall,
          nicolae_gozag_seed_capital, led_sif_pool, minmay_unequal
D:4:      layout_basic, minmay_temple_entry_enclosed_plants
D:5:      minmay_opposing_rooms, layout_basic
D:6:      layout_cave_pools, nicolae_overflow_hidden_temple,
          columned_hall_lemuel, hangedman_decor_peaks_small
Temple:   compressed_dpeg_triangle_lava_temple

Skill      XL: |  1  2  3  4  5  6  7  8 |
---------------+-------------------------+-----
Stealth        | 3 4 5 6 |  6.0
Conjurations   | 5 6 8 9 |  9.1
Hexes          | 1 3 4 |  4.3
Spellcasting   | 3 |  3.0
Dodging        | 3 |  3.4

Action                   |  1- 3 |  4- 6 |  7- 9 || total
-------------------------+-------+-------+-------++-------
Melee: Unarmed           |    16 |       |       ||    16
       Constrict         |    10 |    13 |    10 ||    33
       Dagger            |    30 |    43 |    27 ||   100
       Tentacles         |     1 |     8 |     4 ||    13
Throw: Boomerang         |       |     4 |       ||     4
 Cast: Magic Dart        |    10 |       |       ||    10
       Searing Ray       |     6 |    11 |    14 ||    31
       Fulminant Prism   |       |       |     3 ||     3
  Use: Potion            |       |       |     1 ||     1
 Stab: Sleeping          |    11 |    10 |     5 ||    26
Armor: Skin              |     4 |     4 |     3 ||    11
Dodge: Dodged            |    28 |    23 |    28 ||    79
